 Dungeon Crawl Stone Soup version 0.29.1-1-gd02db6906a (webtiles) character file.

Game seed: 8486451479515967549

462 EvilAshe the Chiller (level 6, 0/41 HPs)
             Began as a Mummy Ice Elementalist on Sept 21, 2022.
             Slain by Edmund
             ... wielding a +2 flail of draining
              (8 damage)
             ... on level 4 of the Dungeon on Sept 22, 2022.
             The game lasted 00:11:46 (4912 turns).

EvilAshe the Chiller (Mummy Ice Elementalist)       Turns: 4912, Time: 00:11:46

Health: 0/41       AC:  5    Str: 11    XL:     6   Next: 79%
Magic:  6/14       EV: 11    Int: 16    God:
Gold:   331        SH:  0    Dex: 13    Spells: 9/16 levels left

rFire   x . .      SeeInvis .   c - +0 mace
rCold   + . .      Faith    .   (no shield)
rNeg    + + +      Spirit   .   i - +2 leather armour of Sobeiqamp {rElec}
rPois   ∞          Reflect  .   (no helmet)
rElec   +          Harm     .   (no cloak)
rCorr   .          Rampage  .   (no gloves)
Will    .....                   (no boots)
Stlth   ++........              (no amulet)
HPRegen 0.13/turn               (no ring)
MPRegen 0.14/turn               (no ring)

@: no status effects
A: cold resistance 1, negative energy resistance 3, torment resistance 2, heat
vulnerability 1, in touch with death 1, no potions
a: no special abilities


You were on level 4 of the Dungeon.
You visited 1 branch of the dungeon, and saw 5 of its levels.

You collected 331 gold pieces.

Inventory:

Hand Weapons
 c - a +0 mace (weapon)
Missiles
 a - 6 atropa-tipped darts
 j - 44 stones
 k - 7 poisoned darts (quivered)
 n - a throwing net
Armour
 i - the +2 leather armour of Sobeiqamp (worn) {rElec}
   (You found it on level 2 of the Dungeon)

   rElec:     It insulates you from electricity.
Magical Staves
 d - a staff of conjuration
Wands
 m - a wand of roots (14)
 o - a wand of charming (5)
Scrolls
 b - a scroll of fear {unknown}
 e - a scroll of butterflies {unknown}
 f - a scroll of immolation {unknown}
 g - 5 scrolls of teleportation {unknown}
 h - 4 scrolls of identify {unknown}
 l - a scroll of enchant weapon {unknown}


   Skills:
 - Level 1.5 Dodging
 - Level 1.5 Stealth
 + Level 5.5 Spellcasting
 * Level 5.9 Ice Magic


You had 9 spell levels left.
You knew the following spells:

 Your Spells              Type           Power      Damage    Failure   Level
a - Freeze                Ice            92%        1d10      1%          1
b - Ozocubu's Armour      Ice            23%        N/A       4%          3
c - Frozen Ramparts       Ice            46%        1d7       4%          3

Your spell library contained the following spells:

 Spells                   Type           Power      Damage    Failure   Level
 Ensorcelled Hibernation  Hex/Ice        26%        N/A       9%          2
 Passwall                 Tmut/Erth      3%         N/A       28%         2
 Swiftness                Air            4%         N/A       50%         3
 Hailstorm                Conj/Ice       13%        3d5       50%         4
 Anguish                  Hex/Necr       3%         N/A       88%         4
 Spider Form              Tmut/Pois      Unusable   N/A       N/A         3

Dungeon Overview and Level Annotations

Branches:
Dungeon (5/15)
 Temple: D:4-7

Altars:
Okawaru
Qazlal

Shops:
D:2 !

Annotations:
D:4 Edmund


Innate Abilities, Weirdness & Mutations

You are immune to poison.
Your flesh is cold resistant. (rC+)
You are immune to negative energy. (rN+++)
You are immune to unholy pain and torment.
You are vulnerable to heat. (rF-)
You are in touch with the powers of death.
You do not drink.


Message History

You freeze Edmund.
Edmund is moderately wounded.
The wall freezes Edmund.
Edmund closely misses you.
Casting: Freeze (safe; 1% risk of failure)
Confirm with . or Enter, or press ? or * to list all spells.
Aiming: Freeze (safe; 1% risk of failure)
Press: ? - help, Shift-Dir - straight line, f/p - Edmund
Aim: Edmund, wielding a +2 flail of draining and wearing a +2 ring mail of positive energy (moderately wounded)
You freeze Edmund!
Edmund is heavily wounded.
The wall freezes Edmund.
Edmund hits you with a +2 flail of draining.
Casting: Freeze (safe; 1% risk of failure)
Confirm with . or Enter, or press ? or * to list all spells.
Aiming: Freeze (safe; 1% risk of failure)
Press: ? - help, Shift-Dir - straight line, f/p - Edmund
Aim: Edmund, wielding a +2 flail of draining and wearing a +2 ring mail of positive energy (heavily wounded)
You freeze Edmund.
Edmund is heavily wounded.
The wall freezes Edmund.
Edmund hits you with a +2 flail of draining!
Casting: Freeze (safe; 1% risk of failure)
Confirm with . or Enter, or press ? or * to list all spells.
Aiming: Freeze (safe; 1% risk of failure)
Press: ? - help, Shift-Dir - straight line, f/p - Edmund
Aim: Edmund, wielding a +2 flail of draining and wearing a +2 ring mail of positive energy (severely wounded)
You freeze Edmund.
Edmund is severely wounded.
The frozen ramparts melt away.
Edmund hits you with a +2 flail of draining!
* * * LOW HITPOINT WARNING * * *
Casting: Freeze (safe; 1% risk of failure)
Confirm with . or Enter, or press ? or * to list all spells.
Aiming: Freeze (safe; 1% risk of failure)
Press: ? - help, Shift-Dir - straight line, f/p - Edmund
Aim: Edmund, wielding a +2 flail of draining and wearing a +2 ring mail of positive energy (severely wounded)
You freeze Edmund.
Edmund is almost dead.
Edmund hits you with a +2 flail of draining!
You die...

#.##.............##.#.........
#.##..##########.##.#.........
####.##..# #.##........#..
.........# #.##.#.....##..
####.###.# #.##......###<. #
#.#.#.# #.........###.. # #.....#
####........... ####.....##
#########..###.#####
.........<####..@@.....(........#
##..............######..#######..
##........####..######.)# #..
##......<#####..........#######..
...............#######.....#.....
.#..#..######### #..)........
..............# #####.#.....
....#.####.##.# #.####.. ##.##.#
#.##.# #.# #..


You could see Edmund.

Vanquished Creatures
  An ogre (D:5)
  A scorpion (D:3)
  An orc priest (D:4)
  4 hounds
  An iguana (D:5)
  4 adders
  3 worms
  6 orcs
  8 ball pythons
  5 bats
  8 endoplasms
  5 giant cockroaches
  9 goblins
  14 hobgoblins
  2 jackals (D:2)
  3 quokkas
  3 frilled lizards (D:1)
  5 kobolds
  7 rats
90 creatures vanquished.

Vanquished Creatures (others)
  10 fungi (D:4)
10 creatures vanquished.

Grand Total: 100 creatures vanquished

Notes
Turn   | Place    | Note
-------+----------+-------------------------------------------
     0 | D:1      | EvilAshe the Mummy Ice Elementalist began the quest for the
                  | Orb.
     0 | D:1      | Reached XP level 1. HP: 13/13 MP: 4/4
   306 | D:2      | Reached XP level 2. HP: 19/19 MP: 6/6
   920 | D:1      | Gained mutation: You are in touch with the powers of death.
                  | [Mummy growth]
   920 | D:1      | Reached XP level 3. HP: 20/24 MP: 5/7
  1069 | D:1      | Learned a level 3 spell: Frozen Ramparts
  1367 | D:2      | Found a faded altar of an unknown god.
  1528 | D:2      | Identified the +2 leather armour of Sobeiqamp {rElec}
  1615 | D:2      | Found Wolisem's Distillery.
  2260 | D:3      | Reached XP level 4. HP: 23/30 MP: 7/9
  2880 | D:3      | Noticed a scorpion
  2894 | D:3      | Found an iron altar of Okawaru.
  3021 | D:3      | Reached XP level 5. HP: 35/35 MP: 9/11
  3167 | D:3      | Reached skill level 5 in Ice Magic
  3542 | D:4      | Learned a level 3 spell: Ozocubu's Armour
  3553 | D:5      | Entered Level 5 of the Dungeon
  3851 | D:4      | Reached XP level 6. HP: 25/41 MP: 7/13
  4032 | D:4      | Found a stormy altar of Qazlal.
  4052 | D:4      | Noticed Edmund
  4117 | D:5      | Reached skill level 5 in Spellcasting
  4912 | D:4      | Slain by Edmund

Illustrated notes

Levels and vault maps discovered:
D:1:      co_arrival_random_square_maze, layout_basic
D:2:      layout_basic, serial_shops, shop_coins,
          hellmonk_ecumenical_altar_leap_of_faith
D:3:      layout_basic, okawaru_altar_gauntlet_db, serial_forest,
          infiniplex_forest_pool, infiniplex_forest_straight_2,
          infiniplex_forest_corner_1, infiniplex_forest_end_1,
          infiniplex_forest_lined_room_3, nrook_mini_vaults
D:4:      layout_loops_ring, grunt_qazlal_clouds, slow_altar_2,
          grunt_decor_junction, reono_crystal_passage, dreamdust_gnoll_farm,
          uniq_edmund
D:5:      layout_gridville, nemelex_xobeh_ov_fountains_minmay

Skill      XL: |  1  2  3  4  5  6 |
---------------+-------------------+-----
Spellcasting   | 3 4 5 |  5.5
Ice Magic      | 4 5 |  5.9
Dodging        | |  1.5
Stealth        | |  1.5

Action                   |  1- 3 |  4- 6 || total
-------------------------+-------+-------++-------
Melee: Unarmed           |     5 |       ||     5
       Mace              |    25 |     7 ||    32
Throw: Stone             |       |     2 ||     2
       Dart              |       |     4 ||     4
 Cast: Freeze            |    56 |   112 ||   168
       Ozocubu's Armour  |       |     1 ||     1
       Frozen Ramparts   |       |     1 ||     1
 Stab: Sleeping          |     7 |     1 ||     8
Armor: Robe              |     1 |       ||     1
       Leather armour    |    15 |    32 ||    47
Dodge: Dodged            |    33 |    47 ||    80
